AoeStats
← CORP | Diego_Corsant

Four Lakes

510186669Analyzed
1v1 RM · 23h ago on Sep 29, 2026· 42m 20s· 2 players
Game mode
Random Map
Map size
Tiny (2 player)
Population
200
Speed
Normal
Resources
Standard
Victory
Conquest
Starting age
Dark Age
Ending age
Imperial Age
RankedLock teamsTeams togetherTeam positionsShared explorationLock speedFull tech treeHidden civsTurbo modeCheats
Victory
Defeat
🇲🇽 Bengalis · Mexico
1745
+13
🇺🇸 Malians · United States
1681
-13
CORP | Diego_Corsant
7:06 Loom
9:32 Feudal Age
17:58 Castle Age
18:13 Bloodlines
20:28 Scale Barding Armor
21:23 Forging
21:38 Light Cavalry
25:14 Chain Barding Armor
25:40 Wheelbarrow
25:14 Double-Bit Axe
26:41 Iron Casting
29:35 Iron Casting
Chechito
6:54 Loom
10:47 Feudal Age
11:15 Double-Bit Axe
16:24 Castle Age
17:08 Fletching
17:43 Fishing Lines
20:45 Pikeman
21:33 Gillnets
23:38 Town Watch
25:11 Bodkin Arrow
26:05 Sanctity
26:49 Padded Archer Armor
28:18 Ballistics
34:33 Imperial Age
33:22 Leather Archer Armor
35:21 Bracer
40:39 Chemistry
43:01 Ring Archer Armor
Connection lost

Rejoining the realm…

Still unreachable

The connection could not be restored.

Session expired

The server has moved on; the page needs a fresh start.